 Dungeon Crawl Stone Soup version 0.30-a0-965-g42e074c17a (webtiles) character file.

Game seed: 2788111342824264145

1811 bande the Chopper (level 9, -7/54 HPs)
             Began as a Gargoyle Fighter on Mar 30, 2023.
             Was a Priest of Okawaru.
             Mangled by a cyclops (22 damage)
             ... on level 6 of the Dungeon.
             The game lasted 00:09:50 (3979 turns).

bande the Chopper (Gargoyle Fighter)                Turns: 3979, Time: 00:09:50

Health: -7/54      AC: 18    Str: 19    XL:     9   Next: 10%
Magic:  11/11      EV: 14    Int: 10    God:    Okawaru [***...]
Gold:   332        SH:  5    Dex: 13    Spells: 6/8 levels left

rFire   . . .      SeeInvis .    a - +0 war axe (venom)
rCold   . . .      Faith    .    c - +0 buckler
rNeg    + . .      Spirit   .    b - +0 scale mail
rPois   ∞          Reflect  .    (no helmet)
rElec   +          Rampage  .    (no cloak)
rCorr   .                        l - +1 pair of gloves
Will    .....                    e - +1 pair of boots Stlth
                                 (no amulet)
HPRegen 0.29/turn                m - +5 ring of evasion
MPRegen 0.12/turn                (no ring)

@: no status effects
A: sickness immunity, AC +6, negative energy resistance 1, electricity
resistance, torment resistance 1, petrification resistance
a: Renounce Religion, Heroism


You were on level 6 of the Dungeon.
You worshipped Okawaru.
Okawaru was most pleased with you.
You visited 2 branches of the dungeon, and saw 7 of its levels.

You collected 332 gold pieces.

Inventory:

Hand Weapons
 a - a +0 war axe of venom (weapon)
 h - a +0 war axe
Armour
 b - a +0 scale mail (worn)
 c - a +0 buckler (worn)
 e - a +1 pair of boots (worn)
 l - a +1 pair of gloves (worn)
Jewellery
 m - a +5 ring of evasion (left hand)
Wands
 g - a wand of flame (13)
 p - a wand of paralysis (12)
 q - a wand of roots (5)
Scrolls
 f - a scroll of amnesia
 n - 4 scrolls of identify
 o - a scroll of enchant armour
 r - a scroll of enchant weapon {unknown}
Potions
 d - 2 potions of might
 i - 5 potions of curing
 j - 3 potions of heal wounds
 k - 2 potions of brilliance
 s - a potion of attraction {unknown}


   Skills:
 + Level 5.3 Fighting
 + Level 7.1 Axes
 + Level 5.2 Armour
 + Level 4.3 Shields
 * Level 3.1 Translocations
 * Level 3.6 Invocations
 * Level 3.0 Evocations


You had 6 spell levels left.
You knew the following spells:

 Your Spells              Type           Power      Damage    Failure   Level
a - Blink                 Tloc           12%        N/A       52%         2

Your spell library contained the following spells:

 Spells                   Type           Power      Damage    Failure   Level
 Lesser Beckoning         Tloc           12%        N/A       52%         2
 Momentum Strike          Conj/Tloc      6%         3d8       75%         2
 Ensorcelled Hibernation  Hex/Ice        0%         N/A       91%         2
 Passwall                 Tmut/Erth      0%         N/A       91%         2
 Kindle Blastsparks       Fire/Tloc/Air  4%         2d10      95%         3
 Ignite Poison            Fire/Tmut/Pois 0%         N/A       99%         3
 Swiftness                Air            0%         N/A       99%         3
 Freezing Cloud           Conj/Ice/Air   0%         6-21      100%        5


Dungeon Overview and Level Annotations

Branches:
Dungeon (6/15)             Temple (1/1) D:4

Altars:
Cheibriados
Fedhas
Gozag
Hepliaklqana
Okawaru
Qazlal
Ru
Wu Jian


Innate Abilities, Weirdness & Mutations

You are immune to sickness and miasma.
Your stone body is resilient. (AC +6)
You are immune to poison.
You resist negative energy. (rN+)
You are resistant to electric shocks. (rElec)
You are resistant to unholy torment.
You are immune to petrification.


Message History

The jelly is moderately wounded.
The jelly closely misses you.
You slash the jelly!
You kill the jelly!
Okawaru accepts your kill.
An adder comes into view.
An adder is nearby!
The adder hisses angrily.
You block the adder's attack.
You slash the adder!
You kill the adder!
Okawaru accepts your kill.
No target in view!
No target in view!
No target in view!
No target in view!
No target in view!
You see here an adder corpse.
A cyclops comes into view.
The cyclops shouts!
The cyclops throws a large rock.
The large rock misses you.
A cyclops is nearby!
Found a twisted smoking staff.
The cyclops hits you!!
You slash the cyclops!
The cyclops is poisoned.
The cyclops is lightly wounded.
The cyclops hits you!!
* * * LOW HITPOINT WARNING * * *
You are too injured to fight recklessly!
You are too injured to fight recklessly!
You are too injured to fight recklessly!
You are too injured to fight recklessly!
You are too injured to fight recklessly!
You are too injured to fight recklessly!
You completely miss the cyclops.
The cyclops is lightly wounded.
You completely miss the cyclops.
The cyclops is lightly wounded.
The cyclops hits you!!
You die...

.#...............#
.##########.####.#
.# #.# #.# .## #.#
#.# ..# #.# #.#
..# #†# #.### ..#
# #.# #..| ....
#.#.####.##.#
.#.## #.......@..#
..># ###......C..#
#.## ######.###.#
. #.# # #.# ...
#.# #.#


You could see a cyclops (very poisoned).

Vanquished Creatures
  Pikel (D:5)
  Menkaure (D:6)
  Edmund (D:6)
  2 ice beasts (D:5)
  2 ogres
  A centaur (D:5)
  3 lemures (D:4)
  2 scorpions
  3 jellies
  2 hounds
  A sleepcap (D:5)
  5 iguanas
  2 orc wizards
  4 gnolls (D:4)
  8 adders
  An ufetubus (D:5)
  2 worms (D:3)
  A dart slug (D:2)
  13 orcs
  6 bats
  11 endoplasms
  3 giant cockroaches
  8 goblins
  10 hobgoblins
  4 jackals (D:4)
  4 quokkas
  3 ball pythons
  4 frilled lizards
  12 kobolds
  7 rats
127 creatures vanquished.

Vanquished Creatures (others)
  2 plants (D:1)
2 creatures vanquished.

Grand Total: 129 creatures vanquished

Notes
Turn   | Place    | Note
-------+----------+-------------------------------------------
     0 | D:1      | bande the Gargoyle Fighter began the quest for the Orb.
     0 | D:1      | Reached XP level 1. HP: 14/14 MP: 1/1
    42 | D:1      | Reached skill level 2 in Axes
    42 | D:1      | Reached XP level 2. HP: 19/19 MP: 2/2
   190 | D:1      | You fall into a shaft and drop 1 floor!
   301 | D:1      | Found a faded altar of an unknown god.
   621 | D:1      | Reached XP level 3. HP: 24/24 MP: 3/3
  1155 | D:2      | Reached XP level 4. HP: 27/29 MP: 4/4
  1336 | D:3      | Reached skill level 3 in Axes
  1581 | D:3      | Found an opulent altar of Gozag.
  1611 | D:3      | Reached XP level 5. HP: 33/33 MP: 5/5
  1806 | D:4      | Found a sacrificial altar of Ru.
  1963 | D:4      | Reached skill level 4 in Axes
  2058 | D:4      | Learned a level 2 spell: Blink
  2069 | D:4      | Reached XP level 6. HP: 33/39 MP: 6/6
  2152 | D:4      | Found a staircase to the Ecumenical Temple.
  2168 | Temple   | Entered the Ecumenical Temple
  2231 | Temple   | Became a worshipper of Warmaster Okawaru
  2355 | D:4      | Found a blossoming altar of Fedhas.
  2726 | D:5      | Entered Level 5 of the Dungeon
  2815 | D:5      | Noticed an ice beast
  2824 | D:5      | Killed an ice beast
  2824 | D:5      | Reached * piety under Okawaru
  2825 | D:5      | Reached skill level 5 in Axes
  2825 | D:5      | Reached skill level 1 in Translocations
  2825 | D:5      | Reached skill level 1 in Invocations
  2825 | D:5      | Reached skill level 1 in Evocations
  2825 | D:5      | Reached XP level 7. HP: 44/44 MP: 7/7
  2901 | D:5      | Noticed Pikel
  3361 | D:5      | Killed Pikel
  3361 | D:5      | Reached ** piety under Okawaru
  3362 | D:5      | Reached skill level 6 in Axes
  3362 | D:5      | Reached XP level 8. HP: 48/48 MP: 8/10
  3498 | D:5      | Reached skill level 5 in Fighting
  3684 | D:6      | Noticed Edmund
  3690 | D:6      | Killed Edmund
  3691 | D:6      | Reached skill level 5 in Armour
  3744 | D:6      | Reached *** piety under Okawaru
  3787 | D:6      | Noticed Menkaure
  3795 | D:6      | Killed Menkaure
  3796 | D:6      | Reached XP level 9. HP: 40/54 MP: 11/11
  3800 | D:6      | Reached skill level 7 in Axes
  3972 | D:6      | Noticed a cyclops
  3979 | D:6      | Mangled by a cyclops

Illustrated notes

Levels and vault maps discovered:
D:1:      dpeg_arrival_court, layout_loops_ring, ebering_ecumenical_altar_hall,
          serial_bayou_pond_a
D:2:      cheibrodos_greedy_goblins, layout_rooms, kennysheep_generic_room_6
D:3:      layout_basic, mainiacjoe_overflow_alcove_1
D:4:      layout_basic, general_overflow_altar, mainiacjoe_overflow_paths,
          minmay_temple_entry_arrows, minmay_goblin_kobold_house
D:5:      layout_rooms, serial_glass, glass_columns_a, glass_columns_a,
          grunt_ministairs_9, uniq_pikel
D:6:      layout_loops_ring, uniq_menkaure, uniq_edmund
Temple:   nicolae_temple_slightly_damp_pantheon

Skill      XL: |  1  2  3  4  5  6  7  8  9 |
---------------+----------------------------+-----
Axes           | 2 3 4 5 6 7 |  7.1
Fighting       | 4 5 |  5.3
Armour         | 4 5 |  5.2
Translocations | 1 2 3 |  3.1
Invocations    | 1 2 3 |  3.6
Evocations     | 1 2 3 |  3.0
Shields        | 4 |  4.3

Action                     |  1- 3 |  4- 6 |  7- 9 || total
---------------------------+-------+-------+-------++-------
  Melee: War axe           |    79 |   146 |    91 ||   316
    Use: Scroll            |     6 |     7 |     2 ||    15
         Potion            |       |       |     1 ||     1
 Armour: Scale mail        |    45 |    61 |    63 ||   169
  Dodge: Dodged            |    39 |    84 |   113 ||   236
  Block: Buckler           |    21 |    35 |    30 ||    86

Table legend: (Time is in decaauts)
 A = Elapsed time spent in this place.
 B = Non-inter-level travel time spent in this place.
 C = Inter-level travel time spent in this place.
 D = Time resting spent in this place.
 E = Time spent auto-exploring this place.
 F = Levels seen in this place.
 G = Mean time per level.
                   A        B        C        D        E       F      G
               +--------+--------+--------+--------+--------+-----+--------+
         Total |   4083 |   3977 |    106 |    468 |   2634 |   7 |  583.3 |
       Dungeon |   4000 |   3894 |    106 |    468 |   2580 |   6 |  666.7 |
        Temple |     82 |     82 |      0 |      0 |     54 |   1 |   82.0 |
               +--------+--------+--------+--------+--------+-----+--------+

Top non-repeatable levels by time:
     D:4: 1377 daAuts
     D:1: 720 daAuts
     D:2: 640 daAuts
     D:5: 548 daAuts
     D:3: 411 daAuts
     D:6: 301 daAuts
  Temple: 82 daAuts
